| TOP OF THE 1ST |
|
Washington Nationals batting - Pitching for Arizona Diamondbacks : RHP Nate Machado
|
|
Pitching: RHP Nate Machado
|
|
|
Batting: LHB Bi-jun Chien
|
0-0: Bunt for hit to 2R - play at first, batter OUT! 2-3
|
|
Batting: RHB Dave Vargas
|
0-0: Called Strike 0-1: Ball 1-1: Swinging Strike 1-2: Strikes out swinging
|
|
Batting: LHB Seth Cook
|
0-0: Called Strike 0-1: Ball 1-1: Called Strike 1-2: Fly out, F9 (Flyball, 9, EV 89.4 MPH)
|
| Top of the 1st over - 0 runs, 0 hits, 0 errors, 0 left on base; Washington 0 - Arizona 0 |
| BOTTOM OF THE 1ST |
|
Arizona Diamondbacks batting - Pitching for Washington Nationals : LHP Ragnar Danielsson
|
|
Pitching: LHP Ragnar Danielsson
|
|
|
Batting: RHB Andy Swaim
|
0-0: Foul Ball, location: 2F 0-1: Ball 1-1: Ball 2-1: Swinging Strike 2-2: Ball 3-2: Strikes out swinging
|
|
Batting: SHB Alec Thorpe
|
0-0: Foul Ball, location: 2F 0-1: Called Strike 0-2: Foul Ball, location: 2F 0-2: Ball 1-2: Ball 2-2: Fly out, F8 (Flyball, 8LM, EV 93.1 MPH)
|
|
Batting: RHB Katilimomi Kelekolio
|
0-0: Foul Ball, location: 2F 0-1: Ball 1-1: Foul Ball, location: 2F 1-2: Ball 2-2: Ground out 4-3 (Groundball, 34, EV 108.1 MPH)
|
| Bottom of the 1st over - 0 runs, 0 hits, 0 errors, 0 left on base; Washington 0 - Arizona 0 |
| TOP OF THE 2ND |
|
Washington Nationals batting - Pitching for Arizona Diamondbacks : RHP Nate Machado
|
|
Batting: RHB John Sanders
|
0-0: Fly out, F4 (Popup, 3S, EV 85.6 MPH)
|
|
Batting: LHB Jeff Luvisi
|
0-0: Ball 1-0: Ball 2-0: Foul Ball, location: 2F 2-1: Ball 3-1: Base on Balls
|
|
Batting: LHB Bob Melley
|
0-0: Ball 1-0: Ball 2-0: SINGLE (Groundball, 4D, EV 96.2 MPH) Jeff Luvisi to second Runner from 2nd tries for 3rd, SAFE, throw by CF made to third
|
|
Batting: RHB Dan Fallon
|
0-0: Called Strike 0-1: Ball Bob Melley is caught stealing 2nd base 2-4 1-1: Ground out 6-3 (Groundball, 6, EV 106.9 MPH)
|
| Top of the 2nd over - 0 runs, 1 hit, 0 errors, 1 left on base; Washington 0 - Arizona 0 |
| BOTTOM OF THE 2ND |
|
Arizona Diamondbacks batting - Pitching for Washington Nationals : LHP Ragnar Danielsson
|
|
Batting: RHB Dusty Thompson
|
0-0: Swinging Strike 0-1: Ball 1-1: Fly out, F3 (Popup, 3F, EV 83.8 MPH)
|
|
Batting: SHB Salvador Aragon
|
0-0: Swinging Strike 0-1: Foul Ball, location: 2F 0-2: Ball 1-2: Strikes out looking
|
|
Batting: RHB Bob Najar
|
0-0: Called Strike 0-1: Ball 1-1: Ground out U3 (Groundball, 34, EV 100.6 MPH)
|
| Bottom of the 2nd over - 0 runs, 0 hits, 0 errors, 0 left on base; Washington 0 - Arizona 0 |
| TOP OF THE 3RD |
|
Washington Nationals batting - Pitching for Arizona Diamondbacks : RHP Nate Machado
|
|
Batting: RHB Hisayuki Akiyama
|
0-0: Fly out, F8 (Flyball, 8RS, EV 95.6 MPH)
|
|
Batting: RHB Darren McCarty Jr.
|
0-0: Ball 1-0: Called Strike 1-1: Bunt for hit to 25 - play at first, batter OUT! 5-3
|
|
Batting: LHB Bi-jun Chien
|
0-0: Ground out U3 (Groundball, 3, EV 93.1 MPH)
|
| Top of the 3rd over - 0 runs, 0 hits, 0 errors, 0 left on base; Washington 0 - Arizona 0 |
| BOTTOM OF THE 3RD |
|
Arizona Diamondbacks batting - Pitching for Washington Nationals : LHP Ragnar Danielsson
|
|
Batting: LHB Joel Kunkler
|
0-0: Swinging Strike 0-1: Ball 1-1: Fly out, F8 (Flyball, 8RM, EV 91.9 MPH)
|
|
Batting: SHB Warren Eisner
|
0-0: Fly out, F7 (Flyball, 7LS, EV 92.5 MPH)
|
|
Batting: LHB Mike Mentzer
|
0-0: Called Strike 0-1: Ground out 4-3 (Groundball, 4, EV 86.9 MPH)
|
| Bottom of the 3rd over - 0 runs, 0 hits, 0 errors, 0 left on base; Washington 0 - Arizona 0 |
| TOP OF THE 4TH |
|
Washington Nationals batting - Pitching for Arizona Diamondbacks : RHP Nate Machado
|
|
Batting: RHB Dave Vargas
|
0-0: Ball 1-0: Swinging Strike 1-1: Fly out, F9 (Flyball, 9, EV 90.6 MPH)
|
|
Batting: LHB Seth Cook
|
0-0: Ground out 3-1 (Groundball, 34, EV 79.4 MPH)
|
|
Batting: RHB John Sanders
|
0-0: Foul Ball, location: 2F 0-1: Ball 1-1: DOUBLE (Line Drive, 9LS, EV 103.1 MPH)
|
|
Batting: LHB Jeff Luvisi
|
0-0: Ball 1-0: Called Strike 1-1: SINGLE (Groundball, 4M, EV 92.5 MPH) (infield hit) John Sanders to third
|
|
Batting: LHB Bob Melley
|
0-0: Ball 1-0: Ball 2-0: Called Strike 2-1: Foul Ball, location: 2F 2-2: Ball 3-2: Foul Ball, location: 2F 3-2: Foul Ball, location: 2F 3-2: Base on Balls Jeff Luvisi to second
|
|
Batting: RHB Dan Fallon
|
0-0: Ball 1-0: Foul Ball, location: 2F 1-1: Ball 2-1: Ball 3-1: DOUBLE (Groundball, 3L, EV 96.2 MPH) John Sanders scores Jeff Luvisi scores Bob Melley to third
|
|
Batting: RHB Hisayuki Akiyama
|
0-0: Called Strike 0-1: Ball 1-1: Ball 2-1: SINGLE (Groundball, 56, EV 100.6 MPH) (infield hit) Bob Melley scores Dan Fallon to third
|
|
Batting: RHB Darren McCarty Jr.
|
0-0: Called Strike 0-1: Ball 1-1: Called Strike 1-2: Foul Ball, location: 2F 1-2: Ball 2-2: Strikes out swinging
|
| Top of the 4th over - 3 runs, 4 hits, 0 errors, 2 left on base; Washington 3 - Arizona 0 |
| BOTTOM OF THE 4TH |
|
Arizona Diamondbacks batting - Pitching for Washington Nationals : LHP Ragnar Danielsson
|
|
Batting: RHB Andy Swaim
|
0-0: Ball 1-0: Foul Ball, location: 2F 1-1: Swinging Strike 1-2: Ball 2-2: Strikes out swinging
|
|
Batting: SHB Alec Thorpe
|
0-0: Ball 1-0: Foul Ball, location: 2F 1-1: Ground out 5-3 (Groundball, 25, EV 66.2 MPH)
|
|
Batting: RHB Katilimomi Kelekolio
|
0-0: Ball 1-0: Fly out, F8 (Flyball, 8RM, EV 94.4 MPH)
|
| Bottom of the 4th over - 0 runs, 0 hits, 0 errors, 0 left on base; Washington 3 - Arizona 0 |
| TOP OF THE 5TH |
|
Washington Nationals batting - Pitching for Arizona Diamondbacks : RHP Nate Machado
|
|
Batting: LHB Bi-jun Chien
|
0-0: SINGLE (Flyball, 6D, EV 82.5 MPH)
|
|
Batting: RHB Dave Vargas
|
0-0: Fly out, F9 (Flyball, 89M, EV 88.1 MPH)
|
|
Batting: LHB Seth Cook
|
0-0: Called Strike 0-1: Ball 1-1: Ball 2-1: Called Strike 2-2: Strikes out swinging
|
|
Batting: RHB John Sanders
|
0-0: Called Strike 0-1: Ball 1-1: Foul Ball, location: 2F 1-2: Foul Ball, location: 2F 1-2: Ball 2-2: Strikes out looking
|
| Top of the 5th over - 0 runs, 1 hit, 0 errors, 1 left on base; Washington 3 - Arizona 0 |
| BOTTOM OF THE 5TH |
|
Arizona Diamondbacks batting - Pitching for Washington Nationals : LHP Ragnar Danielsson
|
|
Batting: RHB Dusty Thompson
|
0-0: Ball 1-0: Called Strike 1-1: Ball 2-1: Swinging Strike 2-2: Ball 3-2: Foul Ball, location: 2F 3-2: Foul Ball, location: 2F 3-2: Strikes out looking
|
|
Batting: SHB Salvador Aragon
|
0-0: Ball 1-0: Swinging Strike 1-1: Foul Ball, location: 2F 1-2: Ball 2-2: Strikes out swinging
|
|
Batting: RHB Bob Najar
|
0-0: Swinging Strike 0-1: Called Strike 0-2: Strikes out swinging
|
| Bottom of the 5th over - 0 runs, 0 hits, 0 errors, 0 left on base; Washington 3 - Arizona 0 |
| TOP OF THE 6TH |
|
Washington Nationals batting - Pitching for Arizona Diamondbacks : RHP Nate Machado
|
|
Batting: LHB Jeff Luvisi
|
0-0: Ball 1-0: Called Strike 1-1: Foul Ball, location: 2F 1-2: Ground out U3 (Groundball, 13, EV 90.0 MPH)
|
|
Batting: LHB Bob Melley
|
0-0: Ground out U3 (Groundball, 3S, EV 86.9 MPH)
|
|
Batting: RHB Dan Fallon
|
0-0: Ball 1-0: Ball 2-0: Fly out, F8 (Flyball, 8RXD, EV 89.4 MPH)
|
| Top of the 6th over - 0 runs, 0 hits, 0 errors, 0 left on base; Washington 3 - Arizona 0 |
| BOTTOM OF THE 6TH |
|
Arizona Diamondbacks batting - Pitching for Washington Nationals : LHP Ragnar Danielsson
|
|
Batting: LHB Joel Kunkler
|
0-0: Called Strike 0-1: SINGLE (Line Drive, 5D, EV 105.0 MPH)
|
|
Batting: SHB Warren Eisner
|
0-0: Called Strike 0-1: Ball 1-1: Foul Ball, location: 2F 1-2: Foul Ball, location: 2F 1-2: Ball 2-2: Foul Ball, location: 2F 2-2: Foul Ball, location: 2F 2-2: Foul Ball, location: 2F 2-2: Foul Ball, location: 2F 2-2: Foul Ball, location: 2F 2-2: Grounds into double play, 5-4-3 (Groundball, 56D, EV 109.4 MPH)
|
|
Batting: LHB Mike Mentzer
|
0-0: Foul Ball, location: 2F 0-1: Foul Ball, location: 2F 0-2: Ball 1-2: Ball 2-2: Ball 3-2: Fly out, F8 (Flyball, 8LM, EV 81.9 MPH)
|
| Bottom of the 6th over - 0 runs, 1 hit, 0 errors, 0 left on base; Washington 3 - Arizona 0 |
| TOP OF THE 7TH |
|
Washington Nationals batting - Pitching for Arizona Diamondbacks : RHP Nate Machado
|
|
Batting: RHB Hisayuki Akiyama
|
0-0: Called Strike 0-1: Called Strike 0-2: Strikes out swinging
|
|
Batting: RHB Darren McCarty Jr.
|
0-0: Foul Ball, location: 2F 0-1: Ball 1-1: Ball 2-1: DOUBLE (Line Drive, 89M, EV 107.5 MPH)
|
|
Batting: LHB Bi-jun Chien
|
0-0: Ball 1-0: Called Strike Darren McCarty Jr. is caught stealing 3rd base 2-5 1-1: Called Strike 1-2: Ball 2-2: Ball 3-2: Fly out, F9 (Flyball, 89M, EV 95.6 MPH)
|
| Top of the 7th over - 0 runs, 1 hit, 0 errors, 0 left on base; Washington 3 - Arizona 0 |
| BOTTOM OF THE 7TH |
|
Arizona Diamondbacks batting - Pitching for Washington Nationals : LHP Ragnar Danielsson
|
|
Batting: RHB Andy Swaim
|
0-0: Called Strike 0-1: Foul Ball, location: 2F 0-2: Strikes out looking
|
|
Batting: SHB Alec Thorpe
|
0-0: Ball 1-0: Ground out 5-3 (Groundball, P, EV 90.0 MPH)
|
|
Batting: RHB Katilimomi Kelekolio
|
0-0: Ball 1-0: Called Strike 1-1: Foul Ball, location: 2F 1-2: Fly out, F7 (Flyball, BS3, EV 93.8 MPH)
|
| Bottom of the 7th over - 0 runs, 0 hits, 0 errors, 0 left on base; Washington 3 - Arizona 0 |
| TOP OF THE 8TH |
|
Washington Nationals batting - Pitching for Arizona Diamondbacks : RHP Nate Machado
|
|
Batting: RHB Dave Vargas
|
0-0: Called Strike 0-1: Ball 1-1: Foul Ball, location: 2F 1-2: Foul Ball, location: 2F 1-2: Ball 2-2: Ground out 5-3 (Groundball, 5, EV 90.0 MPH)
|
|
Batting: LHB Seth Cook
|
0-0: Called Strike 0-1: SINGLE (Flyball, 8RS, EV 100.0 MPH)
|
|
Pitching: RHP Stanford Placard
|
|
|
Batting: RHB John Sanders
|
0-0: Called Strike 0-1: Ball 1-1: Ground out 5-3 (Groundball, 5S, EV 64.4 MPH) Seth Cook to second
|
|
Batting: LHB Jeff Luvisi
|
0-0: Fly out, F8 (Flyball, 78D, EV 98.8 MPH)
|
| Top of the 8th over - 0 runs, 1 hit, 0 errors, 1 left on base; Washington 3 - Arizona 0 |
| BOTTOM OF THE 8TH |
|
Arizona Diamondbacks batting - Pitching for Washington Nationals : LHP Ragnar Danielsson
|
|
Batting: RHB Dusty Thompson
|
0-0: Foul Ball, location: 2F 0-1: Called Strike 0-2: Foul Ball, location: 2F 0-2: Strikes out swinging
|
|
Batting: SHB Salvador Aragon
|
0-0: Ball 1-0: Called Strike 1-1: SINGLE (Line Drive, 7LS, EV 105.0 MPH)
|
|
Batting: RHB Bob Najar
|
0-0: Ball 1-0: Foul Ball, location: 2F 1-1: Swinging Strike 1-2: Foul Ball, location: 2F 1-2: Strikes out swinging
|
|
Batting: LHB Joel Kunkler
|
0-0: Called Strike 0-1: Fly out, F4 (Popup, 4, EV 70.0 MPH)
|
| Bottom of the 8th over - 0 runs, 1 hit, 0 errors, 1 left on base; Washington 3 - Arizona 0 |
| TOP OF THE 9TH |
|
Washington Nationals batting - Pitching for Arizona Diamondbacks : RHP Stanford Placard
|
|
Batting: LHB Bob Melley
|
0-0: Ball 1-0: Ball 2-0: Ball 3-0: Base on Balls
|
|
Batting: RHB Dan Fallon
|
0-0: Sac Bunt to 15S - play at first, batter OUT! 1-3 Bob Melley to second
|
|
Batting: RHB Hisayuki Akiyama
|
0-0: Called Strike 0-1: Foul Ball, location: 2F 0-2: Ball 1-2: Strikes out swinging
|
|
Batting: RHB Darren McCarty Jr.
|
0-0: Ball 1-0: Fly out, F8 (Line Drive, 78M, EV 91.9 MPH)
|
| Top of the 9th over - 0 runs, 0 hits, 0 errors, 1 left on base; Washington 3 - Arizona 0 |
| BOTTOM OF THE 9TH |
|
Arizona Diamondbacks batting - Pitching for Washington Nationals : LHP Ragnar Danielsson
|
|
Pitching: RHP David Sly
|
|
|
Batting: SHB Warren Eisner
|
0-0: Fly out, F5 (Popup, 25F, EV 79.4 MPH)
|
|
Batting: LHB Mike Mentzer
|
0-0: Called Strike 0-1: Foul Ball, location: 2F 0-2: Ball 1-2: SINGLE (Groundball, 4M, EV 103.8 MPH)
|
|
Batting: RHB Andy Swaim
|
0-0: Ball 1-0: Called Strike 1-1: Swinging Strike 1-2: Strikes out swinging
|
|
Batting: SHB Alec Thorpe
|
0-0: Ball 1-0: Foul Ball, location: 2F 1-1: Foul Ball, location: 2F 1-2: Foul Ball, location: 2F 1-2: Strikes out swinging
|
| Bottom of the 9th over - 0 runs, 1 hit, 0 errors, 1 left on base; Washington 3 - Arizona 0 |
|